 Dungeon Crawl Stone Soup version 0.30-a0-55-g90e3122c3a (webtiles) character file.

Game seed: 8577170353763745285

29 Newt the Trooper (level 3, -1/28 HPs)
             Began as a Demonspawn Gladiator on Sept 9, 2022.
             Slain by a ball python (2 damage)
             ... on level 1 of the Dungeon.
             The game lasted 00:01:10 (672 turns).

Newt the Trooper (Demonspawn Gladiator)              Turns: 672, Time: 00:01:11

Health: -1/28      AC:  4    Str: 14    XL:     3   Next: 1%
Magic:  3/3        EV: 12    Int:  9    God:
Gold:   30         SH:  0    Dex: 16    Spells: 2/2 levels left

rFire   . . .      SeeInvis .    d - +2 dagger (speed)
rCold   . . .      Faith    .    (no shield)
rNeg    . . .      Spirit   .    b - +0 leather armour
rPois   .          Reflect  .    c - +0 helmet
rElec   .          Harm     .    (no cloak)
rCorr   .          Rampage  .    (no gloves)
Will    .....                    (no boots)
Stlth   ++........               (no amulet)
HPRegen 0.09/turn                (no ring)
MPRegen 0.08/turn                (no ring)

@: no status effects
A: powered by death 2
a: no special abilities


You were on level 1 of the Dungeon.
You visited 1 branch of the dungeon, and saw 1 of its levels.

You collected 30 gold pieces.

Inventory:

Hand Weapons
 a - a +0 rapier
 d - a +2 dagger of speed (weapon)
Missiles
 e - a javelin (quivered)
 f - a throwing net
 l - 2 atropa-tipped darts
 m - 4 poisoned darts
Armour
 b - a +0 leather armour (worn)
 c - a +0 helmet (worn)
Scrolls
 k - a scroll of immolation
Potions
 g - a potion of haste
 i - a potion of degeneration {unknown}
 j - a potion of curing {unknown}


   Skills:
 + Level 2.7 Fighting
 - Level 2.6 Short Blades
 - Level 1.7 Throwing
 - Level 2.6 Dodging
 - Level 2.0 Stealth


You had 2 spell levels left.
You didn't know any spells.
Your spell library was empty.

Dungeon Overview and Level Annotations

Branches:
Dungeon (1/15)

Altars:


Innate Abilities, Weirdness & Mutations

You regenerate health from kills.


Message History

The frilled lizard struggles against the net.
The gnoll hits you but does no damage. The jackal closely misses you.
As you read the scroll labelled XOELUS TUERGHI, it crumbles to dust.
It is a scroll of identify.
k - a scroll of immolation The jackal bites you.
The gnoll hits you with a +0 club.
* * * LOW HITPOINT WARNING * * *
The frilled lizard struggles against the net.
Unknown command.
The frilled lizard struggles against the net.
The net rips apart, and the frilled lizard comes free!
The jackal misses you. The jackal barely misses you. The jackal misses you.
The jackal attacks as you move away! The jackal closely misses you. x2
The jackal attacks as you move away! The jackal closely misses you.
The gnoll attacks as you move away! The gnoll misses you. The jackal bites you.
* * * LOW HITPOINT WARNING * * *
The jackal attacks as you move away! The jackal closely misses you.
The jackal attacks as you move away!
The jackal bites you but does no damage.
The gnoll attacks as you move away! The gnoll hits you with a +0 club.
* * * LOW HITPOINT WARNING * * *
The jackal attacks as you move away!
The jackal bites you but does no damage.
The gnoll attacks as you move away! The gnoll barely misses you.
The ball python attacks as you move away!
The ball python completely misses you. The ball python misses you.
The jackal attacks as you move away! The jackal closely misses you.
The jackal barely misses you.
You see here a staff of fire.
The ball python attacks as you move away!
The ball python bites you.
* * * LOW HITPOINT WARNING * * *
The ball python closely misses you.
The frilled lizard unfolds its giant frill.
The jackal bites you but does no damage.
The jackal attacks as you move away! The jackal closely misses you.
The ball python attacks as you move away!
The ball python bites you.
You die...

#### ################ #...
#...............
####...##...............
........#?.........w....
........g.l.........(...
#.........S............(..
#......>.@hh..............
#............#............
###...####.....#..........#.
..#.# #.....#.............#
#.#.###.....#....†..........
#.#.##......#............#..
#.#......................#..
#.#......................# .
####.#.................#......


You could see a gnoll, 2 jackals, a ball python and a frilled lizard.

Vanquished Creatures
  2 endoplasms (D:1)
  2 giant cockroaches (D:1)
  6 goblins (D:1)
  2 hobgoblins (D:1)
  6 jackals (D:1)
  A ball python (D:1)
  2 frilled lizards (D:1)
  3 kobolds (D:1)
  A rat (D:1)
25 creatures vanquished.

Notes
Turn   | Place    | Note
-------+----------+-------------------------------------------
     0 | D:1      | Newt the Demonspawn Gladiator began the quest for the Orb.
     0 | D:1      | Reached XP level 1. HP: 16/16 MP: 1/1
   165 | D:1      | Reached skill level 1 in Stealth
   193 | D:1      | Gained mutation: You regenerate a little health from kills.
                  | [demonic ancestry]
   193 | D:1      | Reached XP level 2. HP: 18/22 MP: 2/2
   526 | D:1      | Found a faded altar of an unknown god.
   645 | D:1      | Gained mutation: You regenerate health from kills. [demonic
                  | ancestry]
   645 | D:1      | Reached XP level 3. HP: 25/28 MP: 3/3
   671 | D:1      | HP: 1/28 [ball python (2)]
   672 | D:1      | Slain by a ball python

Illustrated notes

Levels and vault maps discovered:
D:1:      dpeg_arrival_more_subterranean_lakeside_camping, layout_basic,
          ebering_ecumenical_altar_rust

Skill      XL: |  1  2 |
---------------+-------+-----
Stealth        | 1 2 |  2.0
Fighting       | |  2.7
Short Blades   | |  2.6
Throwing       | |  1.7
Dodging        | |  2.6

Action                   || total
-------------------------++-------
Melee: Rapier            ||    75
       Dagger            ||    32
       Punch             ||     1
Throw: Throwing net      ||     5
       Javelin           ||     1
  Use: Potion            ||     2
       Scroll            ||     1
Armor: Leather armour    ||    47
Dodge: Dodged            ||    88

Table legend: (Time is in decaauts)
 A = Elapsed time spent in this place.
 B = Non-inter-level travel time spent in this place.
 C = Inter-level travel time spent in this place.
 D = Time resting spent in this place.
 E = Time spent auto-exploring this place.
 F = Levels seen in this place.
 G = Mean time per level.
                   A        B        C        D        E       F      G
               +--------+--------+--------+--------+--------+-----+--------+
         Total |    649 |    649 |      0 |      0 |    455 |   1 |  649.0 |
       Dungeon |    649 |    649 |      0 |      0 |    455 |   1 |  649.0 |
               +--------+--------+--------+--------+--------+-----+--------+

Top non-repeatable levels by time:
     D:1: 649 daAuts
